PBL
CAROLINA WARHOUNDS @ SAN DIEGO PADRES
07/30/2071
 
TOP OF THE 1ST
Carolina Warhounds batting - Pitching for San Diego Padres : RHP Roberto Campos
Pitching: RHP Roberto Campos
Batting: RHB John Pruitt 0-0: Ball
1-0: Ball
2-0: Called Strike
2-1: Ball
3-1: Swinging Strike
3-2: Ground out 4-3 (Groundball, 4, EV 78.1 MPH)
Batting: SHB Josh Johnston 0-0: Foul Ball, location: 7LMF
0-1: Ground out 5-3 (Groundball, 5, EV 82.5 MPH)
Batting: LHB Jesse Lane 0-0: Called Strike
0-1: SINGLE (Groundball, P, EV 83.1 MPH) (infield hit)
Batting: RHB Lee Turner 0-0: SINGLE (Groundball, 6MS, EV 73.1 MPH) (infield hit)
Jesse Lane to second
Batting: LHB Pong-su Mo 0-0: Called Strike
0-1: Ball
1-1: SINGLE (Line Drive, 56, EV 96.3 MPH)
Jesse Lane to third
Lee Turner to second
Runner from 3rd tries for Home, SAFE, throw by LF to home
Batting: LHB Carlos Vega 0-0: Ball
Wild Pitch!
Lee Turner to third
Pong-su Mo to second
1-0: Foul Ball, location: 25F
1-1: Foul Ball, location: 7LMF
1-2: SINGLE (Groundball, 6MD, EV 100.0 MPH)
Lee Turner scores
Pong-su Mo to third
Runner from 3rd tries for Home, SAFE, throw by CF to home
Batting: RHB Eric Brennan 0-0: Ball
1-0: Swinging Strike
1-1: Ball
2-1: Foul Ball, location: 7LDF
2-2: Foul Ball, location: 3SF
2-2: Fly out, F9 (Flyball, 9LM, EV 105.0 MPH)
Top of the 1st over - 3 runs, 4 hits, 0 errors, 1 left on base; Carolina 3 - San Diego 0
BOTTOM OF THE 1ST
San Diego Padres batting - Pitching for Carolina Warhounds : LHP Carl Rose
Pitching: LHP Carl Rose
Batting: RHB António González 0-0: Fly out, F9 (Flyball, 89M, EV 93.1 MPH)
Batting: RHB Jonathan Roehl 0-0: Swinging Strike
0-1: Foul Ball, location: 2F
0-2: Strikes out swinging
Batting: RHB Carlos Núñez 0-0: Ball
1-0: Ball
2-0: Ball
3-0: Base on Balls
Batting: LHB Raúl Valenzuela 0-0: Called Strike
0-1: Ball
1-1: Called Strike
1-2: Foul Ball, location: 2F
1-2: Foul Ball, location: 3SF
1-2: Fly out, F8 (Flyball, 8RXD, EV 95.6 MPH)
Bottom of the 1st over - 0 runs, 0 hits, 0 errors, 1 left on base; Carolina 3 - San Diego 0
TOP OF THE 2ND
Carolina Warhounds batting - Pitching for San Diego Padres : RHP Roberto Campos
Batting: RHB Santiago Barbosa 0-0: Ball
1-0: Swinging Strike
1-1: Foul Ball, location: 7LDF
1-2: Ball
2-2: Foul Ball, location: 23F
2-2: Ball
3-2: Strikes out swinging
Batting: RHB Adam Sharpe 0-0: Called Strike
0-1: Ball
1-1: Foul Ball, location: 23F
1-2: Ball
2-2: SINGLE (Groundball, 6D, EV 102.5 MPH)
Batting: RHB John Pruitt 0-0: Ball
1-0: Called Strike
1-1: Ball
2-1: Ground out 4-3 (Groundball, 4MS, EV 69.4 MPH)
Adam Sharpe to second
Batting: SHB Josh Johnston 0-0: Called Strike
0-1: Foul Ball, location: 2F
0-2: Ball
1-2: SINGLE (Line Drive, 7LS, EV 110.0 MPH)
Adam Sharpe to third
Batting: LHB Jesse Lane 0-0: Called Strike
0-1: Ball
1-1: Called Strike
1-2: Ball
2-2: DOUBLE (Line Drive, 89D, EV 105.6 MPH)
Adam Sharpe scores
Josh Johnston to third
Runner from 3rd tries for Home, SAFE, throw by RF to trailing runner, OUT at third! 9-3-5
Top of the 2nd over - 2 runs, 3 hits, 0 errors, 0 left on base; Carolina 5 - San Diego 0
BOTTOM OF THE 2ND
San Diego Padres batting - Pitching for Carolina Warhounds : LHP Carl Rose
Batting: RHB Luis Villa 0-0: Ball
1-0: Fly out, F8 (Flyball, 8LXD, EV 95.6 MPH)
Batting: RHB Jorge Gonzáles 0-0: Fly out, F3 (Popup, 3F, EV 72.5 MPH)
Batting: RHB Marvin Stewart 0-0: Called Strike
0-1: Ball
1-1: Ground out U3 (Groundball, 34, EV 110.6 MPH)
Bottom of the 2nd over - 0 runs, 0 hits, 0 errors, 0 left on base; Carolina 5 - San Diego 0
TOP OF THE 3RD
Carolina Warhounds batting - Pitching for San Diego Padres : RHP Roberto Campos
Batting: RHB Lee Turner 0-0: Ball
1-0: Ball
2-0: Foul Ball, location: 9LSF
2-1: Swinging Strike
2-2: Hit by Pitch
Pitching: LHP Huub Boersma
Batting: LHB Pong-su Mo 0-0: Ball
1-0: Called Strike
1-1: Ball
2-1: Ball
3-1: Called Strike
3-2: 2-RUN HOME RUN (Flyball, 8RXD, EV 105.0 MPH), Distance : 432 ft
Batting: LHB Carlos Vega 0-0: Foul Ball, location: 7LSF
0-1: Ball
1-1: Swinging Strike
1-2: Ground out 3-1 (Groundball, 34, EV 106.3 MPH)
Batting: RHB Eric Brennan 0-0: Ball
1-0: SINGLE (Groundball, 34D, EV 103.1 MPH)
Batting: RHB Santiago Barbosa 0-0: Grounds into double play, 5-4-3 (Groundball, 56, EV 101.3 MPH)
Top of the 3rd over - 2 runs, 2 hits, 0 errors, 0 left on base; Carolina 7 - San Diego 0
BOTTOM OF THE 3RD
San Diego Padres batting - Pitching for Carolina Warhounds : LHP Carl Rose
Batting: RHB Salvador Reyes 0-0: Fly out, F9 (Flyball, 89M, EV 96.3 MPH)
Batting: RHB Dave Ein 0-0: Ball
1-0: Foul Ball, location: 5DF
1-1: Fly out, F8 (Flyball, 8RD, EV 102.5 MPH)
Batting: RHB António González 0-0: Swinging Strike
0-1: Fly out, F9 (Flyball, 89S, EV 85.0 MPH)
Bottom of the 3rd over - 0 runs, 0 hits, 0 errors, 0 left on base; Carolina 7 - San Diego 0
TOP OF THE 4TH
Carolina Warhounds batting - Pitching for San Diego Padres : LHP Huub Boersma
Batting: RHB Adam Sharpe 0-0: Called Strike
0-1: Swinging Strike
0-2: Ball
1-2: Foul Ball, location: 3DF
1-2: Fly out, F3 (Popup, 34, EV 68.8 MPH)
Batting: RHB John Pruitt 0-0: Ball
1-0: Hit by Pitch
Batting: SHB Josh Johnston 0-0: Called Strike
0-1: Called Strike
0-2: Fly out, F8 (Flyball, 89M, EV 82.5 MPH)
Batting: LHB Jesse Lane 0-0: Fly out, F7 (Flyball, 7, EV 84.4 MPH)
Top of the 4th over - 0 runs, 0 hits, 0 errors, 1 left on base; Carolina 7 - San Diego 0
BOTTOM OF THE 4TH
San Diego Padres batting - Pitching for Carolina Warhounds : LHP Carl Rose
Batting: RHB Jonathan Roehl 0-0: Ball
1-0: Called Strike
1-1: Ball
2-1: Swinging Strike
2-2: Ground out 4-3 (Groundball, 34, EV 104.4 MPH)
Batting: RHB Carlos Núñez 0-0: Ball
1-0: SINGLE (Line Drive, 8RS, EV 98.1 MPH)
Batting: LHB Raúl Valenzuela 0-0: Fly out, F2 (Popup, 25F, EV 80.6 MPH)
Batting: RHB Luis Villa 0-0: Called Strike
0-1: Foul Ball, location: 5F
0-2: Ball
1-2: Ball
2-2: Foul Ball, location: 5FF
2-2: Strikes out looking
Bottom of the 4th over - 0 runs, 1 hit, 0 errors, 1 left on base; Carolina 7 - San Diego 0
TOP OF THE 5TH
Carolina Warhounds batting - Pitching for San Diego Padres : LHP Huub Boersma
Batting: RHB Lee Turner 0-0: Ball
1-0: Foul Ball, location: 5F
1-1: Ball
2-1: Foul Ball, location: 2F
2-2: Foul Ball, location: 2F
2-2: SINGLE (Line Drive, 89S, EV 101.9 MPH)
Batting: LHB Pong-su Mo 0-0: Called Strike
0-1: Ball
1-1: Swinging Strike
1-2: Ball
2-2: Ball
3-2: Grounds into double play, 6-4-3 (Groundball, 6, EV 103.8 MPH)
Batting: LHB Carlos Vega 0-0: Ball
1-0: Ball
2-0: Foul Ball, location: 2F
2-1: Ground out U3 (Groundball, 3, EV 100.6 MPH)
Top of the 5th over - 0 runs, 1 hit, 0 errors, 0 left on base; Carolina 7 - San Diego 0
BOTTOM OF THE 5TH
San Diego Padres batting - Pitching for Carolina Warhounds : LHP Carl Rose
Batting: RHB Jorge Gonzáles 0-0: Ball
1-0: Swinging Strike
1-1: Ball
2-1: Called Strike
2-2: Ball
3-2: Base on Balls
Batting: RHB Marvin Stewart 0-0: Called Strike
0-1: Swinging Strike
0-2: Fly out, F8 (Line Drive, 8RS, EV 90.0 MPH)
Batting: RHB Salvador Reyes 0-0: Swinging Strike
0-1: Foul Ball, location: 23FF
0-2: Ball
1-2: Ball
2-2: Foul Ball, location: 5F
2-2: Strikes out swinging
Batting: RHB Dave Ein 0-0: Called Strike
0-1: SINGLE (Line Drive, 89M, EV 106.3 MPH)
Jorge Gonzáles to second
Batting: RHB António González 0-0: Called Strike
0-1: Foul Ball, location: 7LSFF
0-2: Ball
1-2: Fly out, F9 (Flyball, 9, EV 86.3 MPH)
Bottom of the 5th over - 0 runs, 1 hit, 0 errors, 2 left on base; Carolina 7 - San Diego 0
TOP OF THE 6TH
Carolina Warhounds batting - Pitching for San Diego Padres : LHP Huub Boersma
Batting: RHB Eric Brennan 0-0: Called Strike
0-1: Ball
1-1: Called Strike
1-2: Ball
2-2: Strikes out looking
Batting: RHB Santiago Barbosa 0-0: Foul Ball, location: 7LSF
0-1: Ball
1-1: Fly out, F8 (Flyball, 8LM, EV 90.6 MPH)
Batting: RHB Adam Sharpe 0-0: Ball
1-0: Called Strike
1-1: Ball
2-1: Foul Ball, location: 9LSF
2-2: Fly out, F9 (Flyball, 89XD, EV 101.3 MPH)
Top of the 6th over - 0 runs, 0 hits, 0 errors, 0 left on base; Carolina 7 - San Diego 0
BOTTOM OF THE 6TH
San Diego Padres batting - Pitching for Carolina Warhounds : LHP Carl Rose
Batting: RHB Jonathan Roehl 0-0: Called Strike
0-1: Foul Ball, location: 3F
0-2: Ball
1-2: Fly out, F7 (Line Drive, 7S, EV 95.0 MPH)
Batting: RHB Carlos Núñez 0-0: Ground out 5-3 (Groundball, 5, EV 105.6 MPH)
Batting: LHB Raúl Valenzuela 0-0: Ball
1-0: Ball
2-0: Foul Ball, location: 2F
2-1: Ball
3-1: Called Strike
3-2: SOLO HOME RUN (Flyball, 89XD, EV 101.3 MPH), Distance : 409 ft
Batting: RHB Luis Villa 0-0: Ball
1-0: Ball
2-0: Foul Ball, location: 3FF
2-1: Ball
3-1: Called Strike
3-2: SINGLE (Groundball, 34D, EV 103.1 MPH)
Batting: RHB Jorge Gonzáles 0-0: Foul Ball, location: 3F
0-1: Ball
1-1: Foul Ball, location: 5F
1-2: Ball
2-2: Fly out, F9 (Flyball, 9LSF, EV 92.5 MPH)
Bottom of the 6th over - 1 run, 2 hits, 0 errors, 1 left on base; Carolina 7 - San Diego 1
TOP OF THE 7TH
Carolina Warhounds batting - Pitching for San Diego Padres : LHP Huub Boersma
Batting: RHB John Pruitt 0-0: Fly out, F8 (Flyball, 78D, EV 95.0 MPH)
Batting: SHB Josh Johnston 0-0: Called Strike
0-1: Ball
1-1: DOUBLE (Line Drive, 78D, EV 110.6 MPH)
Pitching: RHP Steve Everhart
Batting: LHB Jesse Lane 0-0: Ball
1-0: Called Strike
1-1: Foul Ball, location: 25F
1-2: Ball
2-2: Ball
3-2: Strikes out swinging
Batting: RHB Lee Turner 0-0: SINGLE (Line Drive, 8RS, EV 93.1 MPH)
Josh Johnston to third
Batting: LHB Pong-su Mo 0-0: Ball
1-0: Ball
2-0: Foul Ball, location: 2F
2-1: Swinging Strike
2-2: Strikes out swinging
Top of the 7th over - 0 runs, 2 hits, 0 errors, 2 left on base; Carolina 7 - San Diego 1
BOTTOM OF THE 7TH
San Diego Padres batting - Pitching for Carolina Warhounds : LHP Carl Rose
Batting: RHB Marvin Stewart 0-0: Called Strike
0-1: Fly out, F4 (Line Drive, 4, EV 62.5 MPH)
Batting: RHB Salvador Reyes 0-0: Ball
1-0: Ball
2-0: Called Strike
2-1: Swinging Strike
2-2: Ball
3-2: Strikes out looking
Batting: RHB Dave Ein 0-0: Called Strike
0-1: Ball
1-1: Ball
2-1: Called Strike
2-2: Strikes out swinging
Bottom of the 7th over - 0 runs, 0 hits, 0 errors, 0 left on base; Carolina 7 - San Diego 1
TOP OF THE 8TH
Carolina Warhounds batting - Pitching for San Diego Padres : RHP Steve Everhart
Batting: LHB Carlos Vega 0-0: Ball
1-0: Swinging Strike
1-1: Foul Ball, location: 2F
1-2: Ball
2-2: SOLO HOME RUN (Line Drive, 9LD, EV 90.6 MPH), Distance : 341 ft
Batting: RHB Eric Brennan 0-0: Ball
1-0: Ground out 6-3 (Groundball, 56, EV 91.9 MPH)
Batting: RHB Santiago Barbosa 0-0: Foul Ball, location: 2F
0-1: Ball
1-1: Foul Ball, location: 2F
1-2: Fly out, F9 (Flyball, 9D, EV 106.9 MPH)
Batting: RHB Adam Sharpe 0-0: Ball
1-0: Ball
2-0: Foul Ball, location: 7LMF
2-1: Foul Ball, location: 2F
2-2: Ball
3-2: Fly out, F3 (Popup, 3SF, EV 73.8 MPH)
Top of the 8th over - 1 run, 1 hit, 0 errors, 0 left on base; Carolina 8 - San Diego 1
BOTTOM OF THE 8TH
San Diego Padres batting - Pitching for Carolina Warhounds : LHP Carl Rose
Pitching: RHP Kelly Davis
Batting: RHB António González 0-0: Foul Ball, location: 3F
0-1: Ground out 6-3 (Groundball, 6, EV 86.3 MPH)
Batting: RHB Jonathan Roehl 0-0: Called Strike
0-1: Fly out, F4 (Popup, 4M, EV 58.8 MPH)
Batting: RHB Carlos Núñez 0-0: Called Strike
0-1: Ball
1-1: Called Strike
1-2: Ball
2-2: Strikes out swinging
Bottom of the 8th over - 0 runs, 0 hits, 0 errors, 0 left on base; Carolina 8 - San Diego 1
TOP OF THE 9TH
Carolina Warhounds batting - Pitching for San Diego Padres : RHP Steve Everhart
Batting: RHB John Pruitt 0-0: Called Strike
0-1: Ground out 5-3 (Groundball, 56S, EV 61.9 MPH)
Batting: SHB Josh Johnston 0-0: Called Strike
0-1: Ball
1-1: Ball
2-1: Ground out 4-3 (Groundball, 4, EV 89.4 MPH)
Batting: LHB Jesse Lane 0-0: Fly out, F7 (Flyball, 7S, EV 90.0 MPH)
Top of the 9th over - 0 runs, 0 hits, 0 errors, 0 left on base; Carolina 8 - San Diego 1
BOTTOM OF THE 9TH
San Diego Padres batting - Pitching for Carolina Warhounds : RHP Kelly Davis
Batting: LHB Raúl Valenzuela 0-0: Called Strike
0-1: Called Strike
0-2: Strikes out swinging
Batting: RHB Luis Villa 0-0: Ball
1-0: Called Strike
1-1: Fly out, F6 (Popup, 6M, EV 71.3 MPH)
Batting: RHB Jorge Gonzáles 0-0: Ball
1-0: Ball
2-0: Swinging Strike
2-1: Foul Ball, location: 9LMF
2-2: Fly out, F7 (Flyball, 7LS, EV 90.0 MPH)
Bottom of the 9th over - 0 runs, 0 hits, 0 errors, 0 left on base; Carolina 8 - San Diego 1
Thursday, May 2nd , 2024 - OOTP Baseball 24.10 Build 82